 Dungeon Crawl Stone Soup version 0.17-a0-1435-geafbe2f (webtiles) character file.

482 Fizybubbleh the Reanimator (level 6, -12/41 HPs)
             Began as a Mummy Necromancer on June 26, 2015.
             Killed by divine providence
             ... invoked by an orc priest
              (13 damage)
             ... on level 4 of the Dungeon.
             The game lasted 00:09:36 (4203 turns).

Fizybubbleh the Reanimator (Mummy Necromancer)      Turns: 4203, Time: 00:09:36

Health: -12/41     AC:  4    Str: 11    XL:     6   Next: 87%
Magic:  1/9        EV: 12    Int: 16    God:
Gold:   208        SH:  0    Dex: 13    Spells: 3 memorised, 1 level left

rFire  x . .     SeeInvis .     k - +2 mace (drain)
rCold  + . .     Clarity  .     a - +0 robe
rNeg   + + +     SustAt   .     (no shield)
rPois  ∞         Gourm    .     d - +0 helmet
rElec  .         Spirit   .     h - +0 cloak
rCorr  .         Warding  .     (no gloves)
rMut   .         Stasis   .     (no boots)
MR     .....                    (no amulet)
Stlth  ++........               (no ring)
                                (no ring)

@: not resistant to hostile enchantments, unstealthy
A: no food or potions, fire vulnerability, cold resistance 1, negative energy
resistance 3, torment resistance, unbreathing
a: no special abilities


You were on level 4 of the Dungeon.
You were not hungry.

You visited 1 branch of the dungeon, and saw 4 of its levels.

You collected 208 gold pieces.

Inventory:

Hand weapons
 k - a +2 mace of draining (weapon)
Missiles
 o - 6 curare-tipped needles
Armour
 a - a +0 robe (worn)
 d - a +0 helmet (worn)
 h - a +0 cloak (worn)
Scrolls
 c - a scroll of amnesia {unknown}
 e - a scroll of fear {unknown}
 f - a scroll of noise {unknown}
 g - a scroll of remove curse
 i - 2 scrolls of recharging {unknown}
 j - 2 scrolls of identify {unknown}
 l - 2 scrolls of teleportation {unknown}
 m - 2 scrolls of magic mapping {unknown}
 n - a scroll of enchant weapon {unknown}
Books
 b - a book of Necromancy

   Spells                             Type                      Level
   a - Pain                           Necromancy                   1
   b - Animate Skeleton               Necromancy                   1
   c - Vampiric Draining              Necromancy                   3
   d - Regeneration                   Charms/Necromancy            3
   e - Animate Dead                   Necromancy                   4
   f - Control Undead                 Necromancy                   4


   Skills:
 - Level 1.5 Dodging
 - Level 1.5 Stealth
 - Level 2.0 Spellcasting
 + Level 8.3 Necromancy


You had one spell level left.
You knew the following spells:

 Your Spells              Type           Power        Failure   Level  Hunger
a - Pain                  Necr           ####         1%          1    N/A
b - Vampiric Draining     Necr           ####......   1%          3    N/A
c - Animate Dead          Necr           N/A          10%         4    N/A

Dungeon Overview and Level Annotations

Branches:
Dungeon (4/15)
 Temple: D:4-7

Altars:
Zin

Annotations:
D:4 Robin


Innate Abilities, Weirdness & Mutations

You do not eat or drink.
Your flesh is vulnerable to fire.
You are immune to poison.
Your flesh is cold resistant.
You are immune to negative energy.
You are immune to unholy pain and torment.
You can survive without breathing.


Message History

Aim: an orc wizard, wielding a dagger and wearing a robe (severely wounded, fast, chance to defeat MR: 84%)
The orc wizard barely resists.
You now have 2/9 mp.
Aim: an orc wizard, wielding a dagger and wearing a robe (severely wounded, fast, chance to defeat MR: 84%)
The orc wizard convulses in agony!
You kill the orc wizard!
The orc priest invokes the aid of Beogh against you.
Something smites you!
* * * LOW HITPOINT WARNING * * *
You take 10 damage, and have 1/41 hp.
MASSIVE DAMAGE!!
Aim: an orc priest, wearing a leather armour (almost dead, chance to defeat MR: 84%)
The orc priest convulses in agony!
The orc priest barely misses you.
You now have 1/9 mp.
The orc priest calls upon Beogh to heal the orc priest.
The orc priest's wounds heal themselves!
The orc priest's eyes start to glow.
The orc priest invokes the aid of Beogh against you.
Something smites you!
You die...

#.# g# ..##### g##
#..... ##gg ##...
###..# .######..# #
##..gg# ......)o.#
.###.....# ....o.##.##
........<.# ..###
#.o#####............#
##..o.@.......(....#..#
#...........#####.## ##
..#####..####....###
#.# ........##
##(....####.#
..######.####........
... #...........# ##.
##..........##
#...........#
##...........#


You could see 2 orc priests.

Vanquished Creatures
  Sigmund (D:2)
  A centaur skeleton (D:3)
  2 orc wizards
  2 iguanas (D:4)
  8 adders
  3 gnolls (D:3)
  A worm (D:3)
  9 orcs (D:3)
  4 giant cockroaches
  13 goblins
  8 hobgoblins
  8 jackals
  A quokka (D:2)
  11 bats
  2 giant geckos (D:2)
  A giant newt (D:2)
  8 kobolds
  7 rats
90 creatures vanquished.

Notes
Turn   | Place    | Note
--------------------------------------------------------------
     0 | D:1      | Fizybubbleh the Mummy Necromancer began the quest for the Orb.
     0 | D:1      | Reached XP level 1. HP: 13/13 MP: 3/3
   262 | D:1      | Reached XP level 2. HP: 17/19 MP: 1/5
  1151 | D:2      | Found a glowing silver altar of Zin.
  1156 | D:2      | Reached skill level 5 in Necromancy
  1218 | D:2      | Reached XP level 3. HP: 24/24 MP: 4/6
  1262 | D:2      | Learned a level 3 spell: Vampiric Draining
  1482 | D:2      | Noticed Sigmund
  2010 | D:2      | Killed Sigmund
  2010 | D:2      | Reached skill level 6 in Necromancy
  2010 | D:2      | Reached XP level 4. HP: 7/30 MP: 0/7
  2010 | D:2      | Reached XP level 5. HP: 8/35 MP: 0/8
  2288 | D:3      | Reached skill level 7 in Necromancy
  2362 | D:3      | Learned a level 4 spell: Animate Dead
  2550 | D:3      | Reached XP level 6. HP: 23/41 MP: 5/9
  3839 | D:4      | Noticed Robin
  3938 | D:4      | Reached skill level 8 in Necromancy
  4197 | D:4      | HP: 1/41 [orc priest/divine providence (10)]
  4203 | D:4      | Killed from afar by an orc priest

Vault maps used:
D:1:      dpeg_arrival_rooms_a
D:2:      minmay_door_path, lemuel_crystal_altar, minmay_misc_feat_pillars,
          uniq_sigmund
D:4:      first_bread, minmay_close_crescents, uniq_eustachio, uniq_robin

Action                   |  1- 3 |  4- 6 || total
-------------------------+-------+-------++-------
Melee: Dagger            |     8 |       ||     8
       Mace              |    10 |    10 ||    20
 Cast: Pain              |    62 |   100 ||   162
       Vampiric Draining |     2 |       ||     2
       Animate Dead      |       |     1 ||     1
  Use: Scroll            |       |     2 ||     2
